 Dungeon Crawl Stone Soup version 0.19-a0-262-g5df7875 (webtiles) character file.

24 Kilingo the Charmwright (level 2, -3/19 HPs)
             Began as a High Elf Skald on May 26, 2016.
             Slain by Crazy Yiuf
             ... wielding a +4 quarterstaff of chaos
              (10 damage)
             ... on level 2 of the Dungeon.
             The game lasted 00:14:57 (982 turns).

Kilingo the Charmwright (High Elf Skald)             Turns: 982, Time: 00:14:57

Health: -3/19      AC:  3    Str: 11    XL:     2   Next: 79%
Magic:  0/6        EV: 11    Int: 15    God:
Gold:   85         SH:  0    Dex: 14    Spells: 2 memorised, 2 levels left

rFire  . . .     SeeInvis .     a - +0 falchion
rCold  . . .     Gourm    .     e - +0 leather armour
rNeg   . . .     Faith    .     (no shield)
rPois  +         Spirit   .     (no helmet)
rElec  .         Dismiss  .     (no cloak)
rCorr  .         Reflect  .     (no gloves)
SustAt .         Harm     .     (no boots)
MR     .....                    (no amulet)
Stlth  +.........               (no ring)
                                f - ring of poison resistance

@: lethally poisoned (-3 -> -8), flying, very slightly contaminated, drained,
not resistant to hostile enchantments, very unstealthy
A: no striking features
a: no special abilities


You were on level 2 of the Dungeon.
You were not hungry.

You visited 1 branch of the dungeon, and saw 2 of its levels.

You collected 85 gold pieces.

Inventory:

Hand Weapons
 a - a +0 falchion (weapon)
 b - a +0 dagger of venom
Missiles
 n - 6 javelins (quivered)
 p - 2 tomahawks
Armour
 e - a +0 leather armour (worn)
 o - a +0 ring mail
Jewellery
 f - a ring of poison resistance (left hand)
Scrolls
 m - a scroll of teleportation
 q - a scroll of remove curse {unknown}
 r - a scroll of random uselessness {unknown}
 s - a scroll of enchant weapon {unknown}
 u - a scroll of recharging {unknown}
 v - a scroll of magic mapping {unknown}
 w - a scroll of identify
Potions
 i - a potion of agility {unknown}
 j - a potion of heal wounds {unknown}
 k - a potion of mutation {unknown}
 l - a potion of curing
Books
 c - a book of Battle

   Spells                             Type                      Level
   a - Infusion                       Charms                       1
   b - Shroud of Golubria             Charms/Translocation         2
   c - Song of Slaying                Charms                       2
   d - Spectral Weapon                Hexes/Charms                 3
   e - Regeneration                   Charms/Necromancy            3
Comestibles
 d - 2 bread rations
 g - a meat ration
 h - 2 beef jerkies


   Skills:
 - Level 2.0(1.7) Fighting
 - Level 2.4(2.1) Long Blades
 + Level 1.5(1.2) Throwing
 - Level 1.6(1.3) Armour
 - Level 1.1(0.8) Dodging
 - Level 1.2(0.9) Stealth
 - Level 2.4(2.1) Spellcasting
 - Level 3.6(3.3) Charms


You had 2 spell levels left.
You knew the following spells:

 Your Spells              Type           Power        Failure   Level  Hunger
a - Infusion              Chrm           ##..         10%         1    #......
b - Shroud of Golubria    Chrm/Tloc      #.........   24%         2    ###....


Dungeon Overview and Level Annotations

Branches:
Dungeon (2/15)

Altars:
Kikubaaqudgha
Sif Muna
Vehumet

Annotations:
D:2 Crazy Yiuf


Message History

You feel drained.
You closely miss Crazy Yiuf.
Crazy Yiuf is severely wounded.
Crazy Yiuf grits, "Goldfish bush pontify!"
Crazy Yiuf barely misses you.
Drink which item? (? for menu, Esc to quit)
You feel better.
Crazy Yiuf hits you with a quarterstaff of chaos!
Ouch! That really hurt!
You are poisoned.
You hit Crazy Yiuf but do no damage.
Crazy Yiuf is severely wounded.
You feel sick. Crazy Yiuf completely misses you.
Drink which item? (? for menu, Esc to quit)
It was a potion of flight.
You feel very buoyant.
You fly up into the air.
Crazy Yiuf hits you with a quarterstaff of chaos!
Ouch! That really hurt!
You die...

#. ♣P. #.P ♣♣♣. #.. ♣.P.
####..♣♣... #....).P.#.
#####..##. ♣♣♣♣♣###
##.##. ♣♣♣.♣..+.## #.##.
♣g@♣......## ##.##.
#..((.♣♣♣♣......###...#.
#)..# ♣♣.+.......#...
### ♣♣#######...##
#######.## #.......#
#########


You could see Crazy Yiuf.

Vanquished Creatures
  A dart slug (D:1)
  5 goblins
  7 hobgoblins (D:1)
  5 bats (D:1)
  A giant newt (D:1)
  A rat (D:1)
20 creatures vanquished.

Notes
Turn   | Place    | Note
--------------------------------------------------------------
     0 | D:1      | Kilingo the High Elf Skald began the quest for the Orb.
     0 | D:1      | Reached XP level 1. HP: 14/14 MP: 4/4
    28 | D:1      | Reached skill level 1 in Armour
   161 | D:1      | Reached skill level 1 in Stealth
   161 | D:1      | Reached XP level 2. HP: 18/19 MP: 6/6
   395 | D:1      | Reached skill level 1 in Throwing
   407 | D:1      | Learned a level 2 spell: Shroud of Golubria
   871 | D:2      | Found a deep blue altar of Sif Muna.
   872 | D:2      | Found an ancient bone altar of Kikubaaqudgha.
   872 | D:2      | Found a radiant altar of Vehumet.
   875 | D:2      | Identified Kikubaaqudgha's Grimoire of Stolen Souls
   971 | D:2      | Noticed Crazy Yiuf
   982 | D:2      | Slain by Crazy Yiuf

Vault maps used:
D:1:      lightli_arrival_lavapool
D:2:      grunt_temple_overflow_magic_moments, serial_forest,
          infiniplex_forest_clump_long, infiniplex_forest_clump_C,
          infiniplex_forest_clump_diagonal, infiniplex_forest_lined_1,
          infiniplex_forest_clump_diagonal, ecumenical_altar_2, uniq_terence,
          uniq_crazy_yiuf_cottage, uniq_sigmund

Skill      XL: |  1  2 |
---------------+-------+-----
Armour         | 1 |  1.6
Stealth        | 1 |  1.2
Throwing       | 1 |  1.5
Fighting       | |  2.0
Long Blades    | |  2.4
Dodging        | |  1.1
Spellcasting   | |  2.4
Charms         | |  3.6

Action                   || total
-------------------------++-------
Melee: Falchion          ||    39
       Dagger            ||     1
Throw: Javelin           ||    11
 Cast: Infusion          ||     2
       Shroud of Golubri ||     1
  Use: Scroll            ||     3
       Potion            ||     2
 Stab: Sleeping          ||     1
Armor: Leather armour    ||    10
Dodge: Dodged            ||    24
